Map: Backwater LE

Players

uThermal

  • Race: Terran Terran
  • Spawn Location: 5:00

Classic - Winner!

  • Race: Protoss Protoss
  • Spawn Location: 11:00

Event: WESG 2017 Haikou

VOD

Have the link to the VOD?

Description

Time

  • Played on: March 15, 2018, 3:31 a.m.
  • Length: 10:41

All games in this series

Show
View Real Time Build Order
Export as new Build Order

uThermal Terran 

Build Orders: MMM Bio 

Get SALT Encoding   

  12  0:01  SCV  
  13  0:13  SCV  
  14  0:17  Supply Depot  
  14  0:25  SCV  
  14  0:27  Refinery  
  15  0:38  SCV  
  16  0:44  Barracks  
  16  0:50  SCV  
  17  1:02  SCV  
  18  1:15  SCV  
  19  1:31  Orbital Command, Marine  
  20  1:32  Factory  
  20  1:38  Supply Depot  
  20  1:49  Barracks Reactor  
  20  1:58  SCV  
  21  2:10  SCV  
  21  2:14  Command Center  
  22  2:22  SCV, Supply Depot  
  23  2:30  Hellion  
  23  2:31  Hellion  
  23  2:34  SCV  
  28  2:47  SCV  
  29  2:52  Hellion x2  
  29  2:57  Barracks Tech Lab  
  33  2:59  SCV  
  34  3:11  Command Center  
  34  3:13  SCV  
  35  3:21  Siege Tank  
  38  3:27  Orbital Command  
  38  3:30  Marine  
  38  3:32  Marine  
  40  3:35  SCV  
  37  3:47  Bunker  
  37  3:48  SCV, Marine  
  35  3:50  Marine  
  35  3:53  SCV, Engineering Bay  
  37  4:01  SCV  
  38  4:05  SCV  
  39  4:10  Factory Tech Lab  
  39  4:13  SCV  
  40  4:17  SCV  
  40  4:20  Marine, Missile Turret  
  40  4:21  Stimpack  
  42  4:24  Orbital Command  
  42  4:25  SCV  
  42  4:27  Barracks  
  42  4:29  SCV  
  44  4:37  SCV  
  44  4:38  Marine  
  41  4:41  SCV  
  41  4:45  Barracks  
  41  4:49  Refinery, SCV  
  41  4:50  SCV, Factory Reactor  
  43  4:53  SCV  
  43  4:56  Marine, Missile Turret  
  45  5:01  SCV  
  45  5:02  SCV  
  45  5:03  Refinery  
  45  5:05  SCV  
  48  5:12  Starport  
  48  5:14  SCV x2  
  49  5:15  Marine x2  
  49  5:17  SCV  
  49  5:19  Supply Depot  
  49  5:20  Marine  
  54  5:26  SCV x2  
  55  5:29  SCV  
  55  5:33  Refinery, Marine  
  57  5:36  Combat Shields, Factory Reactor  
  57  5:37  Marauder, Marine  
  57  5:38  SCV x2  
  57  5:42  SCV, Marine, Supply Depot  
  63  5:47  Supply Depot  
  63  5:48  Medivac  
  66  5:50  SCV  
  66  5:56  SCV  
  68  5:57  Marine x2  
  68  5:58  Supply Depot  
  68  5:59  Marauder  
  68  6:01  SCV  
  68  6:02  SCV  
  76  6:04  Marauder  
  76  6:08  SCV  
  76  6:09  Terran Infantry Weapons Level 1  
  77  6:13  SCV  
  77  6:14  SCV, Widow Mine  
  81  6:18  Marine  
  81  6:20  Marauder, SCV  
  81  6:24  Starport Reactor  
  81  6:25  SCV  
  86  6:30  Marine x2  
  86  6:31  Supply Depot  
  86  6:32  SCV, Supply Depot  
  89  6:40  SCV  
  89  6:41  Factory Reactor  
  89  6:42  Marauder  
  89  6:46  Medivac, Barracks  
  92  6:47  Barracks  
  92  6:48  Supply Depot  
  92  6:52  SCV, Supply Depot  
  92  6:53  Medivac  
  92  6:54  Marauder, Marine x2  
  95  6:55  Concussive Shells  
  95  6:58  SCV, Supply Depot  
  100  7:03  Marauder  
  100  7:06  SCV  
  102  7:11  SCV x2, Marine, Supply Depot  
  102  7:12  Supply Depot  
  102  7:14  Marine  
  106  7:16  Marauder, Medivac  
  106  7:21  SCV, Supply Depot  
  109  7:23  Medivac  
  109  7:24  Marine  
  109  7:28  Widow Mine  
  109  7:29  Marine, Widow Mine  
  116  7:31  SCV  
  119  7:37  Marauder, Barracks Tech Lab  
  119  7:39  SCV  
  119  7:42  Marauder, Marine  
  122  7:49  Marine, Widow Mine, Medivac  
  122  7:51  Supply Depot, Widow Mine  
  129  7:57  SCV  
  130  7:58  Marauder  
  130  8:00  SCV, Medivac  
  130  8:03  Terran Infantry Armor Level 1  
  128  8:10  SCV  
  128  8:11  Widow Mine  
  128  8:12  Widow Mine  
  133  8:19  Medivac  
  124  8:22  SCV  
  125  8:28  Marine  
  125  8:29  Marauder  
  125  8:32  Widow Mine  
  125  8:34  Widow Mine  
  125  8:37  Marine  
  125  8:38  Marauder  
  122  8:49  SCV x2  
  122  8:52  Marine  
  122  8:53  Marauder x2, Widow Mine  
  122  8:55  Marine  
  130  8:56  Widow Mine  
  130  8:58  Barracks  
  130  8:59  Barracks  
  130  9:02  Marine, Missile Turret  
  133  9:03  Barracks  
  133  9:13  Marine, Medivac  
  133  9:14  Marauder x2  
  133  9:15  Widow Mine  
  142  9:17  Widow Mine  
  142  9:19  Marine, Supply Depot  
  142  9:20  Marine, Armory  
  142  9:24  Refinery  
  146  9:26  Barracks Tech Lab  
  146  9:27  Medivac  
  148  9:31  Marine  
  148  9:35  Marauder  
  148  9:36  Marauder, Widow Mine  
  148  9:37  Marine  
  145  9:38  Marauder, Hellion  
  125  9:47  Marine x2  
  125  9:49  Marine  
  115  9:54  Marine  
  115  9:56  Marine  
  115  9:57  Marauder, Widow Mine  
  115  9:59  Marine  
  106  10:06  Marine, Medivac  
  106  10:07  Marauder  
  87  10:08  Marine  
  87  10:13  Marine  
Show
View Real Time Build Order
Export as new Build Order

Classic Protoss - Winner!

Build Orders: 1 Gate Expand, Oracle Opening, Phoenix Opening 

Get SALT Encoding   

  12  0:00  Probe  
  13  0:12  Probe  
  14  0:17  Pylon  
  14  0:24  Probe (Chrono Boost)  
  15  0:36  Probe (Chrono Boost)  
  15  0:38  Gateway  
  16  0:45  Probe (Chrono Boost)  
  16  0:47  Assimilator  
  17  0:50  Probe  
  18  1:03  Probe  
  19  1:15  Probe  
  20  1:26  Nexus  
  20  1:34  Cybernetics Core  
  20  1:37  Probe  
  21  1:43  Assimilator  
  21  1:49  Probe  
  21  1:53  Pylon  
  22  2:02  Probe  
  23  2:09  Adept (Chrono Boost)  
  23  2:14  Probe  
  26  2:18  Stargate  
  26  2:26  Probe  
  26  2:27  Warp Gate  
  27  2:31  Adept  
  29  2:38  Probe x2  
  31  2:50  Probe x2  
  33  2:58  Oracle (Chrono Boost)  
  33  3:02  Probe x2  
  33  3:03  Adept  
  40  3:10  Pylon  
  40  3:14  Probe x2  
  42  3:26  Probe x2  
  43  3:27  Phoenix (Chrono Boost)  
  43  3:31  Gateway  
  45  3:40  Probe x2 (Chrono Boost)  
  45  3:46  Phoenix  
  45  3:52  Probe x2 (Chrono Boost), Pylon  
  47  3:57  Probe x2 (Chrono Boost)  
  49  4:06  Probe x2  
  51  4:11  Phoenix (Chrono Boost)  
  53  4:18  Probe x2  
  53  4:20  Pylon  
  53  4:23  Gateway  
  55  4:32  Probe x2  
  55  4:33  Oracle (Chrono Boost)  
  60  4:43  Assimilator  
  60  4:45  Nexus  
  60  4:48  Adept  
  60  4:50  Adept  
  64  4:53  Assimilator  
  64  4:57  Pylon  
  64  5:02  Probe x2  
  64  5:06  Oracle  
  69  5:14  Forge, Probe  
  69  5:15  Probe  
  69  5:17  Pylon  
  71  5:24  Twilight Council  
  71  5:32  Pylon  
  71  5:36  Adept x3  
  71  5:37  Probe  
  78  5:52  Protoss Ground Weapons Level 1 (Chrono Boost)  
  78  5:53  Gateway  
  78  5:54  Resonating Glaives (Chrono Boost)  
  78  5:55  Gateway  
  78  5:56  Gateway  
  78  5:59  Probe x3  
  81  6:10  Adept x2  
  85  6:11  Adept  
  85  6:13  Probe  
  85  6:15  Probe  
  85  6:16  Probe  
  90  6:25  Phoenix  
  92  6:26  Probe, Pylon  
  92  6:28  Probe  
  94  6:35  Gateway  
  94  6:36  Gateway  
  94  6:37  Probe  
  94  6:38  Probe  
  96  6:40  Probe  
  96  6:45  Pylon  
  96  6:46  Sentry  
  96  6:47  Sentry  
  101  6:53  Probe x3  
  101  6:54  Robotics Facility  
  104  6:59  Adept x2  
  104  7:01  Adept  
  110  7:02  Adept  
  112  7:12  Pylon  
  112  7:13  Adept, Pylon  
  112  7:14  Adept  
  116  7:17  Probe x3, Assimilator  
  119  7:27  Blink (Chrono Boost)  
  116  7:33  Protoss Ground Armor Level 1  
  116  7:34  Probe x2, Assimilator  
  118  7:37  Adept x3  
  118  7:38  Adept, Pylon  
  118  7:44  Adept x3  
  132  7:45  Adept  
  132  7:49  Warp Prism  
  132  8:09  Pylon  
  132  8:11  Pylon  
  108  8:28  Adept x2, Immortal (Chrono Boost)  
  108  8:29  Adept x6  
  126  8:42  Gateway  
  126  8:43  Gateway  
  116  8:50  Adept x7, Sentry  
  124  8:56  Templar Archives  
  124  8:59  Immortal (Chrono Boost)  
  124  9:02  Nexus  
  128  9:07  Pylon  
  128  9:18  Adept x2  
  128  9:19  Adept x6  
  144  9:31  Immortal  
  148  9:45  Adept x8  
  153  10:06  Adept x8  
  135  10:27  Adept x8  
Tags
 
Add a new tag
Caveats
  • Supply blocks, unpowered buildings, or Contaminate may cause inaccurate times.
  • Supply counts are checked every 10 seconds.